 Dungeon Crawl Stone Soup version 0.30-a0-122-g2a1322497e (webtiles) character file.

Game seed: 5753717620259882788

27499 ragingrage the Impaler (level 13, -6/91 HPs)
             Began as a Demonspawn Fighter on Sept 15, 2022.
             Was a High Priest of Fedhas.
             Killed from afar by a lindwurm (41 damage)
             ... with a blast of flame
             ... on level 3 of the Lair of Beasts.
             The game lasted 00:19:02 (18083 turns).

ragingrage the Impaler (Demonspawn Fighter)        Turns: 18083, Time: 00:19:03

Health: -6/91      AC:  9    Str: 21    XL:     13   Next: 4%
Magic:  18/18      EV: 11    Int: 11    God:    Fedhas [*****.]
Gold:   794        SH: 10    Dex: 12    Spells: 12/12 levels left

rFire   . . .      SeeInvis +    a - +1 trident (venom)
rCold   + . .      Faith    .    c - +0 buckler
rNeg    . . .      Spirit   .    w - +0 ring mail {rPois}
rPois   +          Reflect  +    (helmet restricted)
rElec   .          Harm     .    (no cloak)
rCorr   .          Rampage  .    n - +0 pair of gloves
Will    .....                    (no boots)
Stlth   +.........               N - amulet of reflection
HPRegen 0.25/turn                f - ring of see invisible
MPRegen 0.16/turn                O - ring of protection from cold

@: no status effects
A: antennae 2, molten scales 1, icemail 1, spiny 2, condensation shield
a: Renounce Religion, Wall of Briars, Grow Ballistomycete, Overgrow, Grow Oklob


You were on level 3 of the Lair of Beasts.
You worshipped Fedhas.
Fedhas was extremely pleased with you.
You visited 2 branches of the dungeon, and saw 14 of its levels.

You collected 794 gold pieces.

Inventory:

Hand Weapons
 a - a +1 trident of venom (weapon)
 b - a +3 trident of protection
 o - a +4 whip
 E - a +1 trident
Missiles
 u - 4 boomerangs of dispersal
 x - 17 poisoned darts
 G - 5 curare-tipped darts
 H - 5 atropa-tipped darts
 J - 4 throwing nets
 P - 5 javelins (quivered)
Armour
 c - a +0 buckler (worn)
 n - a +0 pair of gloves (worn)
 w - a +0 ring mail of poison resistance (worn)
 L - a +2 ring mail of fire resistance
Jewellery
 f - a ring of see invisible (left hand)
 l - a ring of positive energy
 I - a ring of ice
 N - an amulet of reflection (around neck)
 O - a ring of protection from cold (right hand)
Wands
 z - a wand of roots (27)
 B - a wand of mindburst (9)
 F - a wand of paralysis (4)
 M - a wand of digging (4)
 V - a wand of flame (8)
Scrolls
 h - a scroll of summoning
 i - 2 scrolls of blinking
 j - 3 scrolls of enchant weapon
 m - 3 scrolls of magic mapping
 t - 2 scrolls of enchant armour
 v - 5 scrolls of identify
 y - 2 scrolls of amnesia
 A - 2 scrolls of fear
 D - 2 scrolls of silence
 T - a scroll of teleportation
 U - a scroll of fog {unknown}
Potions
 d - 9 potions of might
 e - 4 potions of lignification
 g - 3 potions of haste
 k - 5 potions of heal wounds
 p - 2 potions of degeneration {unknown}
 q - 2 potions of flight {unknown}
 r - a potion of ambrosia {unknown}
 s - 8 potions of curing {unknown}
 C - a potion of berserk rage {unknown}
 K - 3 potions of brilliance {unknown}
 R - a potion of cancellation {unknown}
 S - a potion of invisibility {unknown}
Miscellaneous
 Q - a condenser vane


   Skills:
 + Level 5.1 Fighting
 - Level 17.9 Polearms
 + Level 4.7 Armour
 + Level 3.5 Dodging
 + Level 4.7 Shields
 + Level 7.4 Invocations


You had 12 spell levels left.
You didn't know any spells.
Your spell library contained the following spells:

 Spells                   Type           Power      Damage    Failure   Level
 Blink                    Tloc           0%         N/A       73%         2
 Cigotuvi's Dreadful Rot  Necr/Pois/Air  0%         N/A       73%         2
 Poisonous Vapours        Pois/Air       0%         N/A       73%         2
 Gell's Gravitas          Tloc           0%         N/A       91%         3
 Lesser Beckoning         Tloc           0%         N/A       91%         3
 Ozocubu's Armour         Ice            0%         N/A       91%         3
 Teleport Other           Tloc           0%         N/A       91%         3
 Animate Armour           Summ/Erth      0%         N/A       100%        4
 Manifold Assault         Tloc           0%         N/A       100%        4
 Blade Hands              Tmut           0%         N/A       100%        5
 Fireball                 Conj/Fire      0%         3d3       100%        5
 Freezing Cloud           Conj/Ice/Air   0%         6-21      100%        5
 Iskenderun's Battlesphe  Conj           0%         2d6       100%        5
 Metabolic Englaciation   Hex/Ice        0%         N/A       100%        5
 Conjure Ball Lightning   Conj/Air       0%         3x3d6     100%        6
 Iron Shot                Conj/Erth      0%         9d1       100%        6
 Simulacrum               Ice/Necr       0%         N/A       100%        6
 Orb of Destruction       Conj           0%         9d5       100%        7
 Storm Form               Tmut/Air       0%         N/A       100%        7
 Polar Vortex             Ice            0%         N/A       100%        9


Dungeon Overview and Level Annotations

Branches:
Dungeon (11/15)            Temple (0/1) D:7            Lair (3/5) D:10
    Orc (0/2) D:9
  Swamp: Lair:2-3    Shoals: Lair:2-3     Snake: Lair:2-3    Spider: Lair:2-3

Altars:
Fedhas
Hepliaklqana
Kikubaaqudgha
Nemelex Xobeh
Ru
Trog
Vehumet
Xom

Shops:
D:1 *   D:9 *

Annotations:
D:3 exclusion: downstairs
D:4 Edmund


Innate Abilities, Weirdness & Mutations

You have a pair of antennae on your head.
You are partially covered in molten scales. (AC +2)
A meltable icy envelope protects you from harm. (AC +0)
You are mostly covered in sharp spines.
A meltable shield of frost defends you. (SH +0)


Message History

The yak is lightly wounded.
The yak gores you but does no damage.
You barely miss the yak.
The yak is moderately wounded.
The yak gores you.
You hit the yak.
The yak looks as sick as possible!
The yak is moderately wounded.
You hit the yak.
The yak looks as sick as possible!
The yak is heavily wounded.
A yak comes into view.
The yak is struck by your spines. The yak gores you but does no damage.
You barely miss the yak.
The yak is almost dead.
The yak bellows!
You hear a croak.
Reach: a) +1 trident (venom)
Press: ? - help, Dir - move target, f - lindwurm, p - yak
Aim: a lindwurm (about 20% to evade your +1 trident of venom)
The yak is in the way.
You puncture the yak!
You kill the yak!
Fedhas appreciates your contribution to the ecosystem.
Reach: a) +1 trident (venom)
Press: ? - help, Dir - move target, f/p - lindwurm
Aim: a lindwurm (about 20% to evade your +1 trident of venom)
You hit the lindwurm but do no damage.
The lindwurm is poisoned.
You block the lindwurm's attack. x3
Reach: a) +1 trident (venom)
Press: ? - help, Dir - move target, f/p - lindwurm
Aim: a lindwurm (lightly wounded, very poisoned, about 20% to evade your +1 trident of venom)
You barely miss the lindwurm.
The lindwurm is lightly wounded.
Reach: a) +1 trident (venom)
Press: ? - help, Dir - move target, f/p - lindwurm
Aim: a lindwurm (lightly wounded, very poisoned, about 20% to evade your +1 trident of venom)
You hit the lindwurm but do no damage.
The lindwurm looks as sick as possible!
The lindwurm is lightly wounded.
A yak comes into view.
The lindwurm breathes flames at you. The blast of flame hits you!!!
You die...
Fedhas appreciates your contribution to the ecosystem.

.......P.).. .....S..<..
........... ..Y.........
...........##...##.......
.......... ..Y...#....P..
.........##... ...#......
............##..# .#.....
#.....##.#........Y....
#...Yk#†..........#....
######@........#
##.⌠.##...#.⌠.⌠..
#........#.......
#⌠.>.....#...>....
#..................
###.⌠.....#..⌠.⌠.#..
#.#.####......^.....#
##.## #............# ###
###.##......#.


You could see a lindwurm (extremely poisoned, catching breath) and 3 yaks.

Vanquished Creatures
  Fannar (Lair:1)
  A hydra (Lair:2)
  A catoblepas (Lair:3)
  A two-headed ogre (D:9)
  3 death yaks (D:10)
  Sonja (D:10)
  A deep elf pyromancer (D:7)
  2 manticores
  3 cyclopes
  A torpor snail (Lair:1)
  4 black mambas
  Joseph (D:7)
  11 cane toads
  3 unseen horrors
  5 rime drakes
  4 komodo dragons
  4 blink frogs (Lair:1)
  2 dream sheep (Lair:1)
  A wraith (D:9)
  2 shadows
  3 wyverns
  Grum (Lair:1)
  31 yaks
  A vampire (D:10)
  A fire elemental (D:10)
  3 vampire mosquitoes (D:9)
  A steam dragon (D:6)
  2 acid dragons
  7 water moccasins
  A sky beast (D:6)
  2 black bears
  A centaur (D:7)
  2 ogres (D:5)
  3 wolves (Lair:1)
  2 phantoms (D:6)
  2 kobold brigands
  2 gnoll sergeants (D:9)
  A necrophage (D:5)
  An earth elemental (D:10)
  9 bullfrogs
  3 scorpions
  12 wights
  7 howler monkeys
  8 orc priests
  A hound (D:7)
  A jelly (D:6)
  An iguana (D:5)
  Ijyb (D:5)
  8 orc wizards
  12 gnolls
  11 adders
  3 river rats (D:10)
  A shadow imp (D:7)
  A white imp (D:6)
  A worm (D:2)
  4 dart slugs
  22 orcs
  6 ball pythons
  7 bats
  13 endoplasms
  2 giant cockroaches
  6 goblins
  5 hobgoblins
  6 quokkas
  3 frilled lizards
  22 kobolds
  7 rats
302 creatures vanquished.

Vanquished Creatures (collateral kills)
  A water moccasin (Lair:2)
  2 ogres (D:5)
  16 ballistomycete spores
19 creatures vanquished.

Vanquished Creatures (others)
  An air elemental (D:10)
  A water elemental (D:10)
  A ballistomycete spore (Lair:2)
  A bush (Lair:3)
  10 fungi
  30 plants
44 creatures vanquished.

Grand Total: 365 creatures vanquished

Notes
Turn   | Place    | Note
-------+----------+-------------------------------------------
     0 | D:1      | ragingrage the Demonspawn Fighter began the quest for the
                  | Orb.
     0 | D:1      | Reached XP level 1. HP: 18/18 MP: 1/1
    92 | D:1      | Found a faded altar of an unknown god.
   104 | D:1      | Reached skill level 2 in Polearms
   104 | D:1      | Gained mutation: A meltable shield of frost defends you.
                  | (SH +0) [demonic ancestry]
   104 | D:1      | Reached XP level 2. HP: 8/24 MP: 2/2
   298 | D:1      | Prayed at the altar of an unknown god.
   298 | D:1      | Became a worshipper of Fedhas Madash
   298 | D:1      | Reached * piety under Fedhas
   569 | D:1      | Found Awil's General Store.
   842 | D:1      | Reached skill level 3 in Polearms
   871 | D:1      | Reached skill level 1 in Invocations
   963 | D:1      | Reached XP level 3. HP: 29/29 MP: 3/3
  1381 | D:2      | Found a shimmering altar of Xom.
  1826 | D:2      | Reached ** piety under Fedhas
  1827 | D:2      | Gained mutation: You are partially covered in molten
                  | scales. (AC +2) [demonic ancestry]
  1827 | D:2      | Reached XP level 4. HP: 35/35 MP: 5/5
  2749 | D:3      | Found an ancient bone altar of Kikubaaqudgha.
  2749 | D:3      | Found a hazy altar of Hepliaklqana.
  2834 | D:4      | Found a sparkling altar of Nemelex Xobeh.
  3036 | D:4      | Noticed Edmund
  3107 | D:4      | Gained mutation: You have a pair of small antennae on your
                  | head. [demonic ancestry]
  3107 | D:4      | Reached XP level 5. HP: 38/41 MP: 7/7
  3129 | D:4      | Noticed a black bear
  3141 | D:4      | Killed a black bear
  3142 | D:4      | Reached skill level 4 in Polearms
  3310 | D:5      | Entered Level 5 of the Dungeon
  3321 | D:5      | Gained mutation: You are partially covered in sharp spines.
                  | [demonic ancestry]
  3321 | D:5      | Reached XP level 6. HP: 47/47 MP: 9/9
  3405 | D:5      | Reached skill level 5 in Polearms
  3405 | D:5      | Reached skill level 5 in Invocations
  3540 | D:5      | Reached skill level 6 in Polearms
  3540 | D:5      | Reached XP level 7. HP: 40/52 MP: 10/10
  3548 | D:5      | Reached *** piety under Fedhas
  3794 | D:5      | Noticed Ijyb
  3802 | D:5      | Killed Ijyb
  3954 | D:5      | Reached skill level 7 in Polearms
  4459 | D:6      | Reached skill level 8 in Polearms
  4459 | D:6      | Reached XP level 8. HP: 43/58 MP: 11/11
  4725 | D:6      | Reached skill level 9 in Polearms
  4988 | D:6      | Found a sacrificial altar of Ru.
  4988 | D:6      | Found a shimmering altar of Xom.
  5152 | D:6      | Found a radiant altar of Vehumet.
  5391 | D:7      | Noticed Joseph
  5405 | D:7      | Killed Joseph
  5406 | D:7      | Reached skill level 10 in Polearms
  5406 | D:7      | Gained mutation: A meltable icy envelope protects you from
                  | harm. (AC +0) [demonic ancestry]
  5406 | D:7      | Reached XP level 9. HP: 26/63 MP: 8/12
  5685 | D:7      | Found a bloodstained altar of Trog.
  5917 | D:7      | Found a blossoming altar of Fedhas.
  6113 | D:7      | Noticed a cyclops
  6119 | D:7      | Reached skill level 11 in Polearms
  6155 | D:7      | Killed a cyclops
  6344 | D:7      | Found a staircase to the Ecumenical Temple.
  6384 | D:7      | Noticed a deep elf pyromancer
  6394 | D:7      | Killed a deep elf pyromancer
  6395 | D:7      | Reached skill level 12 in Polearms
  6468 | D:7      | Noticed a manticore
  6482 | D:7      | Killed a manticore
  6896 | D:8      | Reached **** piety under Fedhas
  7082 | D:8      | Reached XP level 10. HP: 70/70 MP: 13/13
  7362 | D:8      | Reached skill level 13 in Polearms
  8198 | D:9      | Found a staircase to the Orcish Mines.
  8949 | D:9      | Found Wublav's Fire Supplies.
  9472 | D:9      | Reached skill level 14 in Polearms
  9920 | D:9      | Noticed a two-headed ogre
  9935 | D:9      | Killed a two-headed ogre
 10203 | D:10     | Entered Level 10 of the Dungeon
 10282 | D:10     | Noticed Sonja
 10376 | D:10     | Killed Sonja
 10628 | D:10     | Reached skill level 15 in Polearms
 10637 | D:10     | Reached XP level 11. HP: 64/75 MP: 14/14
 10805 | D:10     | Reached ***** piety under Fedhas
 11189 | D:10     | Found a large runed translucent door.
 11189 | D:10     | Found a large runed translucent door.
 11385 | D:10     | Noticed a death yak
 11390 | D:10     | Noticed a death yak
 11392 | D:10     | Noticed a death yak
 11410 | D:10     | Killed a death yak
 11424 | D:10     | Killed a death yak
 11425 | D:10     | Reached skill level 16 in Polearms
 11434 | D:10     | Killed a death yak
 11589 | D:10     | Found a staircase to the Lair.
 11801 | D:10     | Identified the +8 dagger of Balance {holy, rElec Dex+4}
 12244 | D:10     | HP: 1/75 [earth elemental (31)]
 13297 | D:11     | Noticed a tengu warrior
 13327 | Lair:1   | Entered Level 1 of the Lair of Beasts
 13327 | Lair:1   | Noticed Fannar
 13357 | Lair:1   | Killed Fannar
 13358 | Lair:1   | Reached skill level 17 in Polearms
 13748 | Lair:1   | Gained mutation: You are mostly covered in sharp spines.
                  | [demonic ancestry]
 13748 | Lair:1   | Reached XP level 12. HP: 78/81 MP: 15/15
 13790 | Lair:1   | Noticed Grum
 13813 | Lair:1   | Killed Grum
 14693 | Lair:1   | Reached skill level 1 in Dodging
 16632 | Lair:2   | Noticed a six-headed hydra
 16652 | Lair:2   | Killed a six-headed hydra
 16990 | Lair:2   | Identified the +1 chain mail of Howling Wind {Int+3 Dex-4
                  | Stlth+}
 17258 | Lair:3   | Noticed a catoblepas
 17281 | Lair:3   | Killed a catoblepas
 17794 | Lair:2   | Reached skill level 5 in Fighting
 18006 | Lair:3   | Gained mutation: You have a pair of antennae on your head.
                  | [demonic ancestry]
 18006 | Lair:3   | Reached XP level 13. HP: 91/91 MP: 18/18
 18083 | Lair:3   | Killed from afar by a lindwurm

Illustrated notes

Levels and vault maps discovered:
D:1:      mrwooster_arrival_statue, layout_loops_cross,
          ebering_ecumenical_altar_sacrificial, serial_shops, shop,
          minmay_misc_feat_rows
D:2:      layout_rooms, basic_altar, kennysheep_path_1, minmay_quantized
D:3:      layout_basic, nicolae_overflow_two_pavilions
D:4:      layout_gridville, nemelex_spade_bored_becter, uniq_edmund
D:5:      layout_basic, uniq_ijyb
D:6:      layout_basic, nicolae_vehumet_altar_sigil,
          gammafunk_temple_overflow_elements, minmay_liquid_box
D:7:      layout_gridville, trog_three_pillars_becter, lemuel_doored_altar,
          temple_hall_moat, kennysheep_flooded_box, skrybe_limestone_x,
          kb_rosetta, uniq_joseph
D:8:      layout_loops_ring, chequers_serial_rivers_large_b, st_stairs_5,
          david_defended_altar_orc
D:9:      layout_loops_corners, orc_0_dummy, supply_closet_lemuel,
          nicolae_shop_fire_sale [nicolae_sub_dead_trees]
D:10:     layout_basic, dpeg_lair_monsters, lightli_elemental_guards, uniq_sonja
D:11:     layout_cave_pods, kennysheep_small_square
Lair:1:   wad_woods_structure_01, layout_regular_city,
          infiniplex_staircase_pool_2, uniq_grum, uniq_fannar
Lair:2:   layout_concentric_octagons, nicolae_lair_grove_arrangements
Lair:3:   layout_cave_shapes, swamp_mist, spider_nest_entry_a, pond,
          serial_bayou_shore_a, grunt_megastairs_2

Skill      XL: |  1  2  3  4  5  6  7  8  9 10 11 12 |
---------------+-------------------------------------+-----
Polearms       | 2 3 4 6 8 10 12 15 17 | 17.9
Invocations    | 1 2 3 4 5 7 |  7.4
Shields        | 4 |  4.7
Armour         | 4 |  4.7
Dodging        | 3 |  3.5
Fighting       | 5 |  5.1

Action                   |  1- 3 |  4- 6 |  7- 9 | 10-12 | 13-15 || total
-------------------------+-------+-------+-------+-------+-------++-------
Melee: Trident           |   127 |   150 |   288 |   844 |    33 ||  1442
Throw: Dart              |       |     7 |       |     4 |       ||    11
       Boomerang         |       |     2 |       |       |       ||     2
       Throwing net      |       |       |       |     1 |       ||     1
       Javelin           |       |       |       |     2 |       ||     2
Invok: Wall of Briars    |       |     1 |     1 |     2 |       ||     4
       Grow Ballistomyce |       |       |     1 |     2 |       ||     3
       Overgrow          |       |       |       |     1 |       ||     1
Evoke: Wand              |       |     2 |     2 |     4 |       ||     8
       Condenser vane    |       |       |       |     1 |       ||     1
  Use: Scroll            |       |       |    14 |     3 |       ||    17
 Stab: Confused          |       |       |     2 |     6 |       ||     8
       Paralysed         |       |       |       |     2 |       ||     2
       Distracted        |       |       |       |     2 |       ||     2
Armor: Scale mail        |    30 |    40 |       |       |       ||    70
       Ring mail         |       |    31 |    72 |   105 |     4 ||   212
Dodge: Dodged            |    41 |    62 |    72 |   132 |     6 ||   313
Block: Buckler           |    42 |    72 |    84 |   252 |    15 ||   465
       Reflection        |       |       |       |     2 |       ||     2

Table legend: (Time is in decaauts)
 A = Elapsed time spent in this place.
 B = Non-inter-level travel time spent in this place.
 C = Inter-level travel time spent in this place.
 D = Time resting spent in this place.
 E = Time spent auto-exploring this place.
 F = Levels seen in this place.
 G = Mean time per level.
                   A        B        C        D        E       F      G
               +--------+--------+--------+--------+--------+-----+--------+
         Total |  17872 |  16976 |    896 |   5307 |   9215 |  14 | 1276.6 |
       Dungeon |  13583 |  12871 |    712 |   3736 |   7230 |  11 | 1234.8 |
          Lair |   4289 |   4105 |    184 |   1570 |   1985 |   3 | 1429.7 |
               +--------+--------+--------+--------+--------+-----+--------+

Top non-repeatable levels by time:
    D:10: 2799 daAuts
  Lair:1: 2467 daAuts
     D:9: 2058 daAuts
  Lair:2: 1666 daAuts
     D:7: 1331 daAuts
     D:6: 1292 daAuts
     D:8: 1207 daAuts
     D:1: 1082 daAuts
     D:2: 976 daAuts
     D:5: 959 daAuts
     D:3: 810 daAuts
    D:11: 575 daAuts
     D:4: 489 daAuts
  Lair:3: 155 daAuts
